 Dungeon Crawl Stone Soup version 0.27-a0-998-g4cfe56dd59 (webtiles) character file.

Game seed: 16946539236989699655

13648 gruber the Arsonist (level 11, -9/90 HPs)
             Began as a Demigod Fire Elementalist on Apr 16, 2021.
             Mangled by a vault guard
             ... wielding a +0 great sword
              (10 damage)
             ... on level 10 of the Dungeon.
             The game lasted 00:37:12 (14854 turns).

gruber the Arsonist (Demigod Fire Elementalist)    Turns: 14854, Time: 00:37:12

Health: -9/90      AC:  8    Str:  9    XL:     11   Next: 49%
Magic:  0/20       EV: 15    Int: 35    God:
Gold:   355        SH:  5    Dex: 14    Spells: 3/18 levels left

rFire    + . .     SeeInvis .   G - +7 whip "Eniok" {vorpal, rCorr Int+3}
rCold    + . .     Faith    .   n - +0 buckler
rNeg     . . .     Spirit   +   A - +2 robe {rC+}
rPois    .         Reflect  .   y - +0 helmet {Int+3}
rElec    .         Harm     .   (no cloak)
rCorr    +         Rampage  .   w - +0 pair of gloves
Will     +....                  e - +0 pair of boots
Stlth    ++........             r - amulet of guardian spirit
HPRegen  0.25/turn              s - ring of protection from fire
MPRegen  0.17/turn              (no ring)

@: no status effects
A: high mp 1, forlorn
a: no special abilities


You were on level 10 of the Dungeon.
You visited 1 branch of the dungeon, and saw 10 of its levels.

You collected 481 gold pieces.
You spent 126 gold pieces at shops.

Inventory:

Hand Weapons
 G - the +7 whip "Eniok" (weapon) {vorpal, rCorr Int+3}
   (You found it on level 9 of the Dungeon)

   It inflicts extra damage upon your enemies.
   It affects your intelligence (+3).
   It protects you from acid and corrosion.
Missiles
 v - 2 throwing nets
Armour
 e - a +0 pair of boots (worn)
 n - a +0 buckler (worn)
 w - a +0 pair of gloves (worn)
 y - a +0 helmet of intelligence (worn)
 A - a +2 robe of cold resistance (worn)
 B - +0 swamp dragon scales
 F - a +1 robe of willpower
Jewellery
 r - an amulet of guardian spirit (around neck)
 s - a ring of protection from fire (left hand)
Wands
 a - a wand of paralysis (5)
 u - a wand of iceblast (16)
 D - a wand of flame (15)
 I - a wand of digging (4)
Scrolls
 c - 4 scrolls of noise
 d - 2 scrolls of enchant weapon {unknown}
 f - a scroll of blinking {unknown}
 g - 3 scrolls of enchant armour {unknown}
 h - 4 scrolls of identify {unknown}
 j - 3 scrolls of amnesia {unknown}
 k - 2 scrolls of torment {unknown}
 o - a scroll of fog {unknown}
 q - a scroll of vulnerability {unknown}
 H - a scroll of magic mapping {unknown}
Potions
 b - 2 potions of brilliance {unknown}
 i - 5 potions of heal wounds {unknown}
 l - 7 potions of curing {unknown}
 m - a potion of might {unknown}
 p - a potion of lignification {unknown}
 t - a potion of haste {unknown}
 x - a potion of ambrosia {unknown}
 z - a potion of cancellation {unknown}
 C - a potion of degeneration {unknown}
 J - a potion of flight {unknown}
Miscellaneous
 E - a condenser vane


   Skills:
 - Level 6.3 Fighting
 - Level 0.2 Long Blades
 - Level 0.2 Axes
 - Level 0.3 Staves
 - Level 0.1 Slings
 - Level 0.1 Bows
 - Level 0.1 Crossbows
 - Level 7.1 Armour
 - Level 7.1 Dodging
 - Level 1.7 Stealth
 - Level 5.1 Shields
 - Level 4.0 Spellcasting
 - Level 2.0 Conjurations
 - Level 0.1 Hexes
 - Level 0.1 Summonings
 - Level 0.9 Transmutations
 * Level 11.1 Fire Magic
 - Level 0.1 Poison Magic


You had 3 spell levels left.
You knew the following spells:

 Your Spells              Type           Power      Damage    Failure   Level
a - Foxfire               Conj/Fire      100%       2x1d9     1%          1
b - Blink                 Tloc           N/A        N/A       7%          2
c - Sticky Flame          Conj/Fire      52%        2d7       3%          4
d - Mephitic Cloud        Conj/Pois/Air  12%        N/A       11%         3
e - Fireball              Conj/Fire      26%        3d12      9%          5

Your spell library contained the following spells:

 Spells                   Type           Power      Damage    Failure   Level
 Magic Dart               Conj           84%        1d7       1%          1
 Conjure Flame            Conj/Fire      52%        6-21      1%          3
 Inner Flame              Hex/Fire       46%        N/A       1%          3
 Animate Skeleton         Necr           14%        N/A       4%          1
 Corona                   Hex            7%         N/A       4%          1
 Pain                     Necr           28%        1d5       4%          1
 Call Imp                 Summ           8%         N/A       7%          2
 Ensorcelled Hibernation  Hex/Ice        14%        N/A       7%          2
 Slow                     Hex            7%         N/A       7%          2
 Dazzling Flash           Conj/Hex       28%        N/A       9%          3
 Confusing Touch          Hex            7%         N/A       13%         3
 Tukima's Dance           Hex            7%         N/A       13%         3
 Vampiric Draining        Necr           3%         2d6       14%         3
 Animate Dead             Necr           3%         N/A       41%         4
 Agony                    Necr           7%         N/A       77%         5


Dungeon Overview and Level Annotations

Branches:
Dungeon (10/15)            Temple (0/1) D:4            Lair (0/6) D:10
    Orc (0/2) D:9

Shops:
D:6 :*[[   D:8 [

Portals:
Trove: D:10 (give +6 demon blade)


Innate Abilities, Weirdness & Mutations

Your attributes grow dramatically as you level up.
You have an increased reservoir of magic. (+10% MP)
You shall have no god before yourself.


Message History

You feel sick.
The vault guard burns!
The vault guard hits you with a +0 great sword.
Unknown command.
Unknown command.
You feel sick.
The vault guard burns!
You feel sick.
You are no longer poisoned.
The vault guard burns!
The vault guard burns!
The vault guard burns!
The vault guard burns!
A wyvern comes into view.
The wyvern hisses angrily.
The vault guard burns!
The vault guard burns!
As you read the scroll labelled PYGOD PELESKYTS, it crumbles to dust.
You hear a loud clanging noise!
It was a scroll of noise.
You hear an angry buzzing noise.
The vault guard burns!
The vault guard hits you with a +0 great sword!
Okay, then.
Okay, then.
Aiming: Paralyse
Press: ? - help, Shift-Dir - straight line, f - wyvern, p - vault guard
Aim: a wyvern (chance to affect: 46%)
The wyvern resists with some effort.
The vault guard burns!
The vault guard hits you with a +0 great sword!!
* * * LOW HITPOINT WARNING * * *
Unknown command.
Aiming: Paralyse
Press: ? - help, Shift-Dir - straight line, f/p - wyvern
Aim: a wyvern (chance to affect: 46%)
The wyvern resists with some effort.
The vault guard burns!
The wyvern bites you!
* * * LOW HITPOINT WARNING * * *
The wyvern bites you!
* * * LOW HITPOINT WARNING * * *
The vault guard hits you with a +0 great sword!
You die...

.........P..P...P..........#.#...
.P...........P...P.P[#######.##.#
...........P.P..P....# #.##.#
.#........P.P.....P.## #.##.#
.#....P.........P...# #.##(#
...P...P..P..P.P..### #.##..
.#....P........PK## #.####
.###..........##p# .#
########..###@# .# #.## #l# †# .#
#.# .# #.### †# # #...## ÷#
#######.####.#..##### .#
#.........<8........## ##
#.#####.##...........## #..##
#.#.......P.....#


You could see a vault guard (burning), a wyvern and a kobold brigand.

Vanquished Creatures
  Erica (D:8)
  2 two-headed ogres (D:9)
  Pikel (D:7)
  3 centaur zombies (D:10)
  2 kobold demonologists (D:10)
  Maggie (D:7)
  2 hellwings (D:9)
  A hornet (D:9)
  5 slime creatures (D:8)
  Grum (D:8)
  9 yaks
  2 steam dragons
  Menkaure (D:7)
  5 water moccasins
  7 orc warriors
  2 black bears
  2 necrophages
  2 ogres
  5 centaurs
  4 wolves (D:8)
  2 phantoms
  A lemure (D:7)
  4 kobold brigands
  5 bullfrogs
  2 wyvern zombies
  4 scorpions
  A water moccasin skeleton (D:3)
  6 killer bees (D:9)
  4 wights (D:9)
  2 jellies (D:5)
  2 bullfrog skeletons (D:6)
  5 orc priests
  2 hounds
  7 centaur skeletons
  8 orc wizards
  A scorpion zombie (D:5)
  2 iguanas
  10 gnolls
  12 adders
  6 shadow imps
  3 white imps
  A worm (D:2)
  34 orcs
  9 endoplasms
  4 giant cockroaches
  11 goblins
  5 hobgoblins
  5 quokkas
  6 ball pythons
  3 bats
  A frilled lizard (D:2)
  24 kobolds
  6 rats
  A foxfire (D:9)
257 creatures vanquished.

Vanquished Creatures (others)
  1216 foxfires
  46 fungi (D:10)
  42 plants
  3 withered plants (D:10)
1307 creatures vanquished.

Grand Total: 1564 creatures vanquished

Notes
Turn   | Place    | Note
-------+----------+-------------------------------------------
     0 | D:1      | gruber the Demigod Fire Elementalist began the quest for
                  | the Orb.
     0 | D:1      | Reached XP level 1. HP: 14/14 MP: 5/5
   278 | D:1      | Reached skill level 3 in Fire Magic
   360 | D:1      | Reached skill level 1 in Conjurations
   543 | D:1      | Reached XP level 2. HP: 20/20 MP: 2/7
  1567 | D:2      | Reached XP level 3. HP: 21/26 MP: 3/8
  1936 | D:2      | Reached skill level 4 in Fire Magic
  2153 | D:2      | Reached XP level 4. HP: 33/33 MP: 7/9
  3227 | D:3      | Reached skill level 5 in Fire Magic
  3227 | D:3      | Reached XP level 5. HP: 35/38 MP: 10/10
  4206 | D:4      | Noticed a necrophage
  4214 | D:4      | Killed a necrophage
  4215 | D:4      | Reached skill level 6 in Fire Magic
  4215 | D:4      | Reached XP level 6. HP: 45/45 MP: 0/11
  4545 | D:4      | Reached skill level 1 in Shields
  4663 | D:4      | Learned a level 2 spell: Blink
  4668 | D:4      | Learned a level 4 spell: Sticky Flame
  4926 | D:4      | You fall into a shaft and drop 3 floors!
  5088 | D:7      | Noticed Menkaure
  5100 | D:7      | Noticed Maggie
  5182 | D:7      | Reached XP level 7. HP: 41/50 MP: 1/13
  5336 | D:6      | Reached skill level 5 in Shields
  5392 | D:6      | Found Xoohoant's Assorted Antiques.
  5408 | D:5      | Entered Level 5 of the Dungeon
  6027 | D:5      | Reached skill level 1 in Fighting
  6027 | D:5      | Reached XP level 8. HP: 59/59 MP: 11/17
  6967 | D:4      | Found a staircase to the Ecumenical Temple.
  7293 | D:6      | Found Fiefihos's Book Boutique.
  7463 | D:6      | Found Qumeoc's Armour Shop.
  7620 | D:6      | Found Qovodgh's Armour Emporium.
  7625 | D:6      | Bought a +0 helmet of intelligence for 126 gold pieces
  8059 | D:6      | Reached skill level 5 in Fighting
  8355 | D:7      | Paralysed by Maggie for 5 turns
  8363 | D:7      | Killed Maggie
  8797 | D:7      | Killed Menkaure
  8798 | D:7      | Reached skill level 1 in Armour
  8798 | D:7      | Reached XP level 9. HP: 39/77 MP: 5/18
  8972 | D:7      | Learned a level 3 spell: Mephitic Cloud
  8978 | D:7      | Learned a level 5 spell: Fireball
  9084 | D:7      | Noticed Pikel
  9093 | D:7      | Killed Pikel
  9537 | D:8      | Reached skill level 5 in Armour
  9646 | D:8      | Noticed Erica
  9656 | D:8      | Killed Erica
  9732 | D:8      | Found Kosaomum's Antique Armour Emporium.
  9744 | D:8      | Noticed Grum
 10064 | D:8      | Killed Grum
 10387 | D:8      | Reached XP level 10. HP: 77/84 MP: 10/19
 10848 | D:8      | Reached skill level 5 in Dodging
 11605 | D:9      | Noticed a two-headed ogre
 11833 | D:9      | Noticed a two-headed ogre
 11846 | D:9      | Killed a two-headed ogre
 11901 | D:9      | Identified the +7 whip "Eniok" {vorpal, rCorr Int+3}
 11936 | D:9      | Reached skill level 7 in Fire Magic
 12945 | D:9      | Reached skill level 8 in Fire Magic
 13093 | D:9      | Found a staircase to the Orcish Mines.
 13143 | D:9      | Killed a two-headed ogre
 13305 | D:10     | Entered Level 10 of the Dungeon
 13311 | D:10     | Reached XP level 11. HP: 87/90 MP: 14/20
 13445 | D:9      | Reached skill level 9 in Fire Magic
 13859 | D:10     | Reached skill level 10 in Fire Magic
 14414 | D:10     | Found a staircase to the Lair.
 14518 | D:10     | Noticed a vault guard
 14624 | D:10     | Reached skill level 11 in Fire Magic
 14797 | D:10     | Found a portal to a secret trove of treasure.
 14854 | D:10     | HP: 1/90 [wyvern (9)]
 14854 | D:10     | Mangled by a vault guard

Illustrated notes

Levels and vault maps discovered:
D:1:      pf_arrival_petrified_forest, layout_basic
D:2:      layout_loops_ring, ebering_ecumenical_altar_webs
D:3:      layout_loops_corners, tso_altar, amcnicky_altar_gilded,
          pdpol_wu_jian_five_deadly_venoms
D:4:      layout_basic, lemuel_coloured_pillars_altar,
          minmay_temple_entry_poolview, corexii_shack, minmay_misc_feat_enclosed
D:5:      layout_gridville, serial_bayou, serial_bayou_crossing,
          serial_bayou_shore_b, serial_bayou_shore_b, serial_bayou_pond_d,
          nrook_loot_triangle, dk_vineyard_3, hangedman_decor_peaks_small
D:6:      layout_loops_corners, general_overflow_altar,
          nicolae_overflow_hidden_temple, serial_shops, shop, shop,
          nicolae_shop_stone, shop
D:7:      layout_rooms, uniq_menkaure, uniq_pikel, uniq_maggie
D:8:      layout_gridville, serial_shops, nicolae_shop_stone, uniq_grum,
          uniq_erica
D:9:      layout_basic, lemuel_doored_altar, david_orc_5
D:10:     cheibrodos_grave_circle, layout_loops_ring,
          nicolae_overflow_crystal_walls, due_lair_maze_entry_diamond,
          enter_trove_5, hangedman_fish_farm

Skill      XL: |  1  2  3  4  5  6  7  8  9 10 11 |
---------------+----------------------------------+-----
Fire Magic     | 3 4 5 6 8 11 | 11.1
Conjurations   | 1 2 |  2.0
Spellcasting   | 2 4 |  4.0
Shields        | 4 5 |  5.1
Fighting       | 1 6 |  6.3
Armour         | 1 7 |  7.1
Dodging        | 3 7 |  7.1
Long Blades    | |  0.2
Axes           | |  0.2
Staves         | |  0.3
Slings         | |  0.1
Bows           | |  0.1
Crossbows      | |  0.1
Stealth        | |  1.7
Hexes          | |  0.1
Summonings     | |  0.1
Transmutations | |  0.9
Poison Magic   | |  0.1

Action                   |  1- 3 |  4- 6 |  7- 9 | 10-12 || total
-------------------------+-------+-------+-------+-------++-------
Melee: Whip              |    11 |     9 |       |   122 ||   142
       Unarmed           |     1 |       |       |       ||     1
       Short sword       |       |    12 |    31 |     3 ||    46
 Cast: Foxfire           |    97 |   113 |   277 |   223 ||   710
       Sticky Flame      |       |       |    16 |    49 ||    65
       Mephitic Cloud    |       |       |     2 |     5 ||     7
       Fireball          |       |       |       |     1 ||     1
Evoke: Wand              |       |       |     4 |     3 ||     7
  Use: Scroll            |       |       |     1 |     1 ||     2
 Stab: Sleeping          |       |     3 |       |       ||     3
       Paralysed         |       |       |     8 |       ||     8
       Confused          |       |       |       |     1 ||     1
Armor: Robe              |     4 |     2 |     7 |   147 ||   160
Dodge: Dodged            |    20 |     9 |    48 |   221 ||   298
Block: Buckler           |       |     1 |    18 |    86 ||   105

Table legend: (Time is in decaauts)
 A = Elapsed time spent in this place.
 B = Non-inter-level travel time spent in this place.
 C = Inter-level travel time spent in this place.
 D = Time resting spent in this place.
 E = Time spent auto-exploring this place.
 F = Levels seen in this place.
 G = Mean time per level.
                   A        B        C        D        E       F      G
               +--------+--------+--------+--------+--------+-----+--------+
         Total |  14896 |  14254 |    642 |   1331 |  10678 |  10 | 1489.6 |
       Dungeon |  14896 |  14254 |    642 |   1331 |  10678 |  10 | 1489.6 |
               +--------+--------+--------+--------+--------+-----+--------+

Top non-repeatable levels by time:
     D:8: 2414 daAuts
     D:9: 1994 daAuts
     D:1: 1519 daAuts
     D:5: 1419 daAuts
     D:7: 1399 daAuts
     D:2: 1375 daAuts
     D:6: 1355 daAuts
     D:3: 1284 daAuts
     D:4: 1147 daAuts
    D:10: 985 daAuts
